 Dungeon Crawl Stone Soup version 0.23-a0-650-ga4d50d4 (webtiles) character file.

289 Borgoz the Cutter (level 6, 0/38 HPs)
             Began as a Kobold Berserker on Jan 2, 2019.
             Was a Priest of Trog.
             Slain by a sky beast (1 damage)
             ... on level 4 of the Dungeon.
             The game lasted 00:09:35 (3031 turns).

Borgoz the Cutter (Kobold Berserker)                Turns: 3031, Time: 00:09:35

Health: 0/38       AC:  5    Str: 15    XL:     6   Next: 57%
Magic:  6/6        EV: 15    Int:  8    God:    Trog [***...]
Gold:   169        SH:  0    Dex: 16    Spells: 5/5 levels left

rFire    + . .     SeeInvis .   p - +2 Maxwell's thermic engine {flame, freeze}
rCold    + . .     Gourm    .   (shield currently unavailable)
rNeg     . . .     Faith    .   e - +0 ring mail (curse)
rPois    .         Spirit   .   (no helmet)
rElec    .         Reflect  .   r - scarf {rC+ rF+}
rCorr    .         Harm     .   (no gloves)
MR       .....                  (no boots)
Stlth    +.........             (no amulet)
HPRegen  0.12/turn              (no ring)
MPRegen  0.10/turn              (no ring)

@: no status effects
A: small, carnivore
a: Berserk, Trog's Hand, Renounce Religion


You were on level 4 of the Dungeon.
You worshipped Trog.
Trog was most pleased with you.
You were very full.

You visited 1 branch of the dungeon, and saw 4 of its levels.

You collected 169 gold pieces.

Inventory:

Hand Weapons
 a - a +0 short sword
 p - the +2 Maxwell's thermic engine (weapon) {flame, freeze}
   (You found it on level 4 of the Dungeon)

   It has been specially enchanted to burn those struck by it, causing extra
   injury to most foes and up to half again as much damage against particularly
   susceptible opponents.
   Big, fiery blades are also staple armaments of hydra-hunters.
Armour
 b - a +0 animal skin
 d - a +0 scale mail
 e - a cursed +0 ring mail (worn)
 i - a +0 ring mail
 r - a scarf of resistance (worn)
Scrolls
 g - 3 scrolls of blinking {unknown}
 h - a scroll of teleportation {unknown}
 j - a scroll of noise {unknown}
 k - a scroll of magic mapping {unknown}
 l - a scroll of random uselessness {unknown}
 m - a scroll of remove curse {unknown}
 n - 3 scrolls of identify {unknown}
 o - a scroll of enchant weapon {unknown}
 q - a scroll of fog {unknown}
Potions
 f - 3 potions of curing {unknown}
 s - a potion of degeneration {unknown}
 t - a potion of mutation {unknown}
Comestibles
 c - 5 rations
 u - a chunk of flesh


   Skills:
 + Level 4.2 Fighting
 + Level 6.3(6.5) Short Blades
 + Level 1.2(2.7) Long Blades
 + Level 2.8 Armour
 + Level 3.7 Dodging
 + Level 0.2 Stealth


You had 5 spell levels left.
You didn't know any spells.
Your spell library was empty.

Dungeon Overview and Level Annotations

Branches:
Dungeon (4/15)
 Temple: D:4-7

Altars:

Shops:
D:4 =


Innate Abilities, Weirdness & Mutations

You are small and have problems with some larger weapons.
You are carnivorous and can eat meat at any time.


Message History

The leopard gecko bites you but does no damage.
The sky beast flickers out of sight!
Deactivating autopickup; reactivate with Ctrl-A.
Something hits you. Something shocks you.
* * * LOW HITPOINT WARNING * * *
The leopard gecko misses you.
You barely miss something. Something barely misses you.
A sky beast appears from thin air!
Reactivating autopickup.
The sky beast misses you.
You miss the sky beast.
The sky beast hits you but does no damage.
You closely miss the sky beast. The sky beast closely misses you.
You riposte.
You barely miss the sky beast. You miss the sky beast. The sky beast hits you.
* * * LOW HITPOINT WARNING * * *
The sky beast shocks you.
* * * LOW HITPOINT WARNING * * *
The sky beast hits you.
You die...

...# #.......?..
...# ..........
#### #>#.....#
#.#..<..# #.#.....#
# #######.#...#.#
#.8..∩..8.#.....#
#.#######Yl...###
####
#.......@#.....?..#
...#
###.####.#..#.#####
...# #.# #.#..#[#
...# #.# #.#..#.#
...########.#
#.#### #
...##.......# #..
#'###.####### ###
#.# #.# #.###.#
#########


You could see a sky beast and a leopard gecko.

Vanquished Creatures
  An ogre (D:4)
  A worker ant (D:4)
  7 adders
  3 gnolls (D:2)
  2 oozes
  An adder skeleton (D:4)
  A worm (D:2)
  2 dart slugs
  2 leopard geckos
  2 orcs (D:3)
  A giant cockroach (D:2)
  7 goblins
  8 hobgoblins
  10 jackals
  2 quokkas (D:2)
  A ball python (D:4)
  4 bats
  5 frilled lizards
  A jackal skeleton (D:4)
  6 kobolds
  2 quokka skeletons (D:4)
  12 rats
81 creatures vanquished.

Notes
Turn   | Place    | Note
-------+----------+-------------------------------------------
     0 | D:1      | Borgoz the Kobold Berserker began the quest for the Orb.
     0 | D:1      | Reached XP level 1. HP: 14/14 MP: 1/1
    51 | D:1      | Reached XP level 2. HP: 9/19 MP: 2/2
   173 | D:1      | Reached XP level 3. HP: 15/24 MP: 3/3
   355 | D:1      | Reached ** piety under Trog
   759 | D:2      | Reached XP level 4. HP: 16/29 MP: 4/4
   944 | D:2      | Reached skill level 5 in Short Blades
  1328 | D:2      | Reached XP level 5. HP: 13/33 MP: 5/5
  2353 | D:3      | Reached *** piety under Trog
  2625 | D:4      | Reached skill level 6 in Short Blades
  2657 | D:4      | Found the +2 Maxwell's thermic engine {flame, freeze}
  2840 | D:4      | Reached XP level 6. HP: 32/38 MP: 6/6
  2872 | D:4      | Noticed an ogre
  2928 | D:4      | Killed an ogre
  2928 | D:4      | Reached skill level 1 in Long Blades
  3019 | D:4      | Found Ufabb's Jewellery Shop.
  3020 | D:4      | Noticed a sky beast
  3031 | D:4      | HP: 1/38 [sky beast (5)]
  3031 | D:4      | Slain by a sky beast

Vault maps used:
D:1:      scummos_arrival_hexagon
D:2:      first_ration, st_stairs_5
D:4:      serial_shops, shop_statue

Skill      XL: |  1  2  3  4  5  6 |
---------------+-------------------+-----
Dodging        | 3 |  3.7
Short Blades   | 5 6 |  6.3
Armour         | 2 |  2.8
Fighting       | 4 |  4.2
Long Blades    | 1 |  1.2
Stealth        | |  0.2

Action                   |  1- 3 |  4- 6 || total
-------------------------+-------+-------++-------
Melee: Short sword       |   145 |   195 ||   340
       Double sword      |       |    17 ||    17
  Eat: Chunk             |     7 |     8 ||    15
Armor: Animal skin       |     9 |       ||     9
       Ring mail         |    19 |    43 ||    62
Dodge: Dodged            |    97 |   152 ||   249
       Rpst.: Double sword |       |     5 ||     5

Table legend:
 A = Non-vault XP
 B = Vault XP
 C = Vault XP percentage of total XP
 D = Non-vault monster count
 E = Vault monster count
 F = Vault count percentage of total count
                 A         B        C        D         E       F
            +---------+---------+-------+---------+---------+-------
      Total |     410 |       3 |   0.7 |      79 |       2 |   2.5
            +---------+---------+-------+---------+---------+-------
        D:1 |      54 |       0 |   0.0 |      29 |       0 |   0.0
        D:2 |      99 |       3 |   2.9 |      20 |       2 |   9.1
        D:3 |      75 |       0 |   0.0 |      21 |       0 |   0.0
        D:4 |     182 |       0 |   0.0 |       9 |       0 |   0.0
            +---------+---------+-------+---------+---------+-------
